 Dungeon Crawl Stone Soup version 0.23.2-11-gf996548c65 (webtiles) character file.

Game seed: 11655352493362057285

50 MalarOregon the Digger (level 3, -1/28 HPs)
             Began as a Ghoul Earth Elementalist on June 4, 2019.
             Slain by a jackal (2 damage)
             ... on level 1 of the Dungeon.
             The game lasted 00:04:12 (1271 turns).

MalarOregon the Digger (Ghoul Earth Elementalist)   Turns: 1271, Time: 00:04:13

Health: -1/28      AC:  2    Str: 11    XL:     3   Next: 79%
Magic:  1/4        EV: 12    Int: 11    God:
Gold:   115        SH:  0    Dex:  9    Spells: 4/5 levels left

rFire    . . .     SeeInvis .   (no weapon)
rCold    + . .     Gourm    .   (no shield)
rNeg     + + +     Faith    .   c - +0 robe
rPois    ∞         Spirit   .   (no helmet)
rElec    .         Reflect  .   (no cloak)
rCorr    .         Harm     .   (no gloves)
MR       .....                  (no boots)
Stlth    ++........             (no amulet)
HPRegen  0.00/turn              (no ring)
MPRegen  0.09/turn              (no ring)

@: rotting, slowed, very slow
A: rotting body, claws 1, carnivore, cold resistance 1, negative energy
resistance 3, inhibited regeneration, torment resistance, unbreathing
a: no special abilities


You were on level 1 of the Dungeon.
You were not hungry.

You visited 1 branch of the dungeon, and saw 2 of its levels.

You collected 115 gold pieces.

Inventory:

Missiles
 f - 3 stones (quivered)
Armour
 c - a +0 robe (worn)
Scrolls
 d - 2 scrolls of remove curse {@r2}
Potions
 a - a potion of haste {@q3}
 b - a potion of brilliance {unknown}
 h - a potion of resistance {unknown}
 i - a potion of ambrosia {unknown}
 j - a potion of agility {unknown}
 k - a potion of flight {unknown}
Comestibles
 e - 6 rations {!d}
 g - a chunk of flesh


   Skills:
 + Level 1.5 Fighting
 + Level 2.3 Dodging
 + Level 3.0 Stealth
 - Level 1.7 Spellcasting
   Level 0.8 Transmutations
 + Level 3.8 Earth Magic


You had 4 spell levels left.
You knew the following spells:

 Your Spells              Type           Power        Failure   Level  Hunger
a - Sandblast             Erth           #.....       6%          1    ##.....

Your spell library contained the following spells:

 Spells                   Type           Power        Failure   Level  Hunger
 Passwall                 Tmut/Erth      #.......     17%         2    ###....
 Stone Arrow              Conj/Erth      #.....       38%         3    ####...
 Petrify                  Tmut/Erth      #.......     75%         4    #####..
 Lee's Rapid Deconstruct  Erth           #.........   87%         5    ######.


Dungeon Overview and Level Annotations

Branches:
Dungeon (2/15)

Altars:

Annotations:
D:2 Natasha


Innate Abilities, Weirdness & Mutations

Your body is rotting away.
You thrive on raw meat.
You are immune to poison.
You have sharp fingernails.
You are carnivorous and can eat meat at any time.
Your flesh is cold resistant. (rC+)
You are immune to negative energy. (rN+++)
You do not regenerate when monsters are visible.
You are immune to unholy pain and torment.
You can survive without breathing.


Message History

f - 7 stones The gnoll completely misses you.
Aim: a gnoll, wielding a +0 halberd (severely wounded)
The blast of sand hits the gnoll.
f - 6 stones You hear a shout!
The gnoll hits you from afar with a +0 halberd!
Ouch! That really hurt!
* * * LOW HITPOINT WARNING * * *
Aim: a gnoll, wielding a +0 halberd (almost dead)
The blast of sand hits the gnoll.
You kill the gnoll!
Your Stealth skill increases to level 3!
f - 5 stones You don't have enough magic to cast that spell.
Eat one of 3 chunks of flesh? (ye/n/q)
You eat one of the 3 chunks of flesh.
This raw flesh tastes great!
The gnoll barely misses you.
Natasha hisses angrily.
Natasha casts a spell at you.
You feel yourself slow down.
There is a stone staircase leading up here.
The gnoll barely misses you.
You climb upwards.
There is a stone staircase leading down here.
Unknown command.
The gnoll misses you.
The jackal barks!
The gnoll barely misses you.
Eat one of 2 chunks of flesh? (ye/n/q)
You eat one of the 2 chunks of flesh.
This raw flesh tastes great!
The jackal closely misses you. The gnoll hits you with a +0 club.
* * * LOW HITPOINT WARNING * * *
The jackal barely misses you.
Aim: a jackal The blast of sand hits the jackal but does no damage.
f - 4 stones The jackal bites you but does no damage.
The gnoll completely misses you.
The jackal bites you but does no damage.
Aim: a jackal The blast of sand hits the jackal but does no damage.
f - 3 stones The gnoll hits you with a +0 club.
* * * LOW HITPOINT WARNING * * *
The jackal bites you but does no damage.
The gnoll hits you with a +0 club.
* * * LOW HITPOINT WARNING * * *
The jackal bites you.
You die...

#.#....###.....###
#.##.#.#.......#
#.##.#.#.......#
#.##.#.#...[...#
#######.##.#.#.......###
#######..........#.#..........
#.......#####.####.########...
#.......#...h.............#...
#.......#.###@#####.......#...
#.......#.###g# #.......#...
###.......#...#.#####.......#...
#.......#.###.#>....'.......'[..
#.......#.#......##.#.......#.##
#.......#.#.#.#.....#.......#.##
#.......#.#.#.#..##.#.......#.##
#.......'.#)#.....#.#.......'.#
#.[....÷###.###...###.......####


You could see a gnoll and a jackal.

Vanquished Creatures
  A gnoll (D:2)
  An ooze (D:1)
  A leopard gecko (D:1)
  2 giant cockroaches (D:1)
  2 goblins (D:1)
  6 hobgoblins
  5 jackals (D:1)
  5 kobolds
  A ball python (D:1)
  A bat (D:1)
  A frilled lizard (D:1)
  7 rats
33 creatures vanquished.

Notes
Turn   | Place    | Note
-------+----------+-------------------------------------------
     0 | D:1      | MalarOregon the Ghoul Earth Elementalist began the quest
                  | for the Orb.
     0 | D:1      | Reached XP level 1. HP: 14/14 MP: 2/2
   419 | D:1      | Reached XP level 2. HP: 20/20 MP: 0/3
   532 | D:1      | Reached skill level 1 in Fighting
   698 | D:1      | Reached XP level 3. HP: 27/28 MP: 0/4
   985 | D:2      | Noticed Natasha
  1271 | D:1      | HP: 1/28 [gnoll/+0 club (4)]
  1271 | D:1      | Slain by a jackal

Skill      XL: |  1  2  3 |
---------------+----------+-----
Dodging        | 2 |  2.3
Fighting       | 1 |  1.5
Stealth        | 3 |  3.0
Spellcasting   | |  1.7
Transmutations | |  0.8
Earth Magic    | |  3.8

Action                   || total
-------------------------++-------
Melee: Unarmed           ||    67
 Cast: Sandblast         ||    38
  Use: Scroll            ||     2
  Eat: Chunk             ||     6
Armor: Robe              ||    20
Dodge: Dodged            ||    49
